 Dungeon Crawl Stone Soup version 0.13.0-26-gf7ffa3a (webtiles) character file.

34 Lilouch the Magician (level 2, 0/17 HPs)
             Began as a Mummy Wizard on Nov 1, 2013.
             Slain by a giant gecko (4 damage)
             ... on Level 1 of the Dungeon.
             The game lasted 00:05:53 (585 turns).

Lilouch the Magician (Mummy Wizard)                  Turns: 585, Time: 00:05:53

HP   0/17        AC  2     Str 10      XL: 2   Next: 20%
MP   2/7         EV 12     Int 17      God:
Gold 22          SH  0     Dex 10      Spells:  1 memorised,  6 levels left

Res.Fire  : x . .   See Invis. : .   e - -1,+0 short sword (curse)
Res.Cold  : + . .   Warding    : .   a - +0 robe
Life Prot.: + + +   Conserve   : .   (no shield)
Res.Poison: +       Res.Corr.  : .   b - +0 wizard hat
Res.Elec. : .       Clarity    : .   (no cloak)
Sust.Abil.: . .     Spirit.Shd : .   (no gloves)
Res.Mut.  : .       Stasis     : .   (no boots)
Res.Rott. : +       Flight     : .   (no amulet)
Saprovore : . . .                    (no ring)
                                     (no ring)

@: very slightly contaminated, slightly resistant to hostile enchantments,
unstealthy
A: no food or potions, fire vulnerability, restore body, cold resistance 1, life
protection 3, poison resistance, torment resistance, unbreathing
a: no special abilities


You were on level 1 of the Dungeon.
You were not hungry.

You visited 1 branch of the dungeon, and saw 1 of its levels.

You collected 2 gold pieces.

Inventory:

Hand weapons
 e - a cursed -1,+0 short sword (weapon)
Armour
 a - a +0 robe (worn)
 b - a +0 wizard hat (worn)
Scrolls
 d - a scroll of magic mapping {unknown}
 g - a scroll of identify {unknown}
 h - a scroll of curse armour {unknown}
Jewellery
 f - an uncursed ring of protection from magic {unknown}
Books
 c - a book of Minor Magic

   Spells                             Type                      Level
   *Magic Dart                        Conjuration                  1
   Blink                              Translocation                2
   Call Imp                           Summoning                    2
   Repel Missiles                     Charms/Air                   2
   Slow                               Hexes                        2
   Conjure Flame                      Conjuration/Fire             3
   Mephitic Cloud                     Conjuration/Poison/Air       3


   Skills:
 - Level 1.5 Dodging
 - Level 1.5 Stealth
 * Level 3.3 Spellcasting
 + Level 1.2 Conjurations
   Level 0.7 Summonings
   Level 0.7 Translocations


You had 6 spell levels left.
You knew the following spells:

 Your Spells              Type           Power        Failure   Level  Hunger
a - Magic Dart            Conj           #...         12%         1    N/A

Dungeon Overview and Level Annotations

Branches:
Dungeon (1/27)

Altars:
Nemelex Xobeh


Innate Abilities, Weirdness & Mutations

You do not eat or drink.
Your flesh is vulnerable to fire.
Your flesh is cold resistant.
You are immune to negative energy.
Your system is resistant to poisons.
You are immune to unholy pain and torment.
You can survive without breathing.


Message History

Aim: a kobold, wielding a runed dwarven short sword (heavily wounded)
The magic dart hits the kobold.
You kill the kobold!
The giant gecko hisses menacingly.
The giant gecko barely misses you.
You barely miss the giant gecko. The giant gecko misses you.
You hit the giant gecko.
The giant gecko is severely wounded.
The giant gecko barely misses you.
You closely miss the giant gecko.
The giant gecko is severely wounded.
The giant gecko misses you.
You closely miss the giant gecko.
The giant gecko is severely wounded.
The giant gecko bites you.
* * * LOW HITPOINT WARNING * * *
You hit the giant gecko but do no damage.
The giant gecko is severely wounded.
The giant gecko bites you.
You die...

# # # ####### .......# #
###.#.. ######.# ....# .
#######......## .#..#.
......)>.l....... .#..%. #####
#@##.. .#.## #...# #.##.# .
...# ###...###.##!# ##.#
.#######..........#.###...
....................##...
########............##..#
###..........##..#
##########...#......##..#
..........#####.........###.#.#


You could see a giant gecko.

Vanquished Creatures
  2 bats (D:1)
  A goblin (D:1)
  A hobgoblin (D:1)
  2 giant newts (D:1)
  3 kobolds (D:1)
  4 rats (D:1)
13 creatures vanquished.

Notes
Turn   | Place    | Note
--------------------------------------------------------------
     0 | D:1      | Lilouch, the Mummy Wizard, began the quest for the Orb.
     0 | D:1      | Reached XP level 1. HP: 11/11 MP: 5/5
   109 | D:1      | Reached skill level 1 in Conjurations
   280 | D:1      | Reached XP level 2. HP: 17/17 MP: 2/7
   441 | D:1      | Found a sparkling altar of Nemelex Xobeh.
   585 | D:1      | Slain by a giant gecko

Action                   || total
-------------------------++-------
Melee: Short sword       ||     9
 Cast: Magic Dart        ||    29
